 Dungeon Crawl Stone Soup version 0.21.0-3-g78d12a8 (console) character file.

112 removed the Insei (level 4, -3/30 HPs)
             Began as a Merfolk Air Elementalist on Jan 9, 2018.
             Slain by a hound (5 damage)
             ... on level 2 of the Dungeon.
             The game lasted 00:03:31 (2320 turns).

removed the Insei (Merfolk Air Elementalist)        Turns: 2320, Time: 00:03:32

Health: -3/30      AC:  6    Str:  8    XL:     4   Next: 95%
Magic:  7/7        EV: 12    Int: 14    God:
Gold:   82         SH:  0    Dex: 15    Spells: 4/7 levels left

rFire    . . .     SeeInvis .     - Unarmed
rCold    . . .     Gourm    .   (no shield)
rNeg     . . .     Faith    .   e - +0 leather armour
rPois    .         Spirit   .   k - +2 helmet
rElec    .         Reflect  .   (no cloak)
rCorr    .         Harm     .   (no gloves)
MR       .....                  (no boots)
Stlth    ++........             (no amulet)
HPRegen  0.10/turn              (no ring)
MPRegen  0.10/turn              (no ring)

@: hasted, drained, very quick
A: change form in water, swift swim, stealthy swim
a: no special abilities


You were on level 2 of the Dungeon.
You were not hungry.

You visited 1 branch of the dungeon, and saw 2 of its levels.

You collected 82 gold pieces.

Inventory:

Armour
 a - a +0 robe
 e - a +0 leather armour (worn)
 j - a +0 helmet
 k - a +2 helmet (worn)
Potions
 f - a potion of flight {unknown}
 h - a potion of brilliance {unknown}
Books
 b - a book of Air

   Spells                             Type                      Level
   a - Shock                          Conjuration/Air              1
   b - Swiftness                      Charms/Air                   2
   c - Static Discharge               Conjuration/Air              3
   d - Airstrike                      Air                          4
   e - Lightning Bolt                 Conjuration/Air              5
Comestibles
 c - 5 rations


   Skills:
 - Level 3.1(2.6) Dodging
 - Level 2.1(1.7) Stealth
 + Level 4.6(4.1) Unarmed Combat
 - Level 2.0(1.5) Spellcasting
 - Level 0.7(0.2) Conjurations
 - Level 2.4(1.9) Air Magic


You had 4 spell levels left.
You knew the following spells:

 Your Spells              Type           Power        Failure   Level  Hunger
a - Shock                 Conj/Air       #...         24%         1    ##.....
s - Swiftness             Chrm/Air       #.......     36%         2    ###....


Dungeon Overview and Level Annotations

Branches:
Dungeon (2/15)

Altars:


Message History

You barely miss the hound.
The hound is severely wounded.
The hound bites you but does no damage. The hound bites you.
* * * LOW HITPOINT WARNING * * *
You hit the hound.
The hound is severely wounded.
The hound closely misses you.
You closely miss the hound.
The hound is severely wounded.
The hound misses you. The hound barely misses you.
You barely miss the hound.
The hound is severely wounded.
The hound bites you but does no damage.
You hit the hound but do no damage.
The hound is severely wounded.
The hound bites you.
* * * LOW HITPOINT WARNING * * *
The hound bites you but does no damage.
It was a potion of haste.
You feel yourself speed up. The hound bites you.
You die...

##8## #.#[##.####.### ##
#...##.........
######........# .#### ##
#.####.... .... .#
#.##...... # #.. .#
#.#...#..# ..##..### .#
#.#...#..# #....)..##.##
#......... #...bh@..#
###...#### #####....##..#
#...# .......†.....# #...#
..........##.#######...####
.....#..#.##.............>.
.!.........................
.....#....##...............
.....#.#..##.#######...####
#### #.......# #...#


You could see a hound and a bat.

Vanquished Creatures
  Jessica (D:2)
  Robin (D:2)
  4 dart slugs (D:1)
  A leopard gecko (D:2)
  3 giant cockroaches
  7 hobgoblins
  8 jackals
  A quokka (D:2)
  2 ball pythons
  3 bats (D:1)
  5 frilled lizards
  16 goblins
  2 kobolds (D:1)
  10 rats
64 creatures vanquished.

Notes
Turn   | Place    | Note
-------+----------+-------------------------------------------
     0 | D:1      | removed the Merfolk Air Elementalist began the quest for the Orb.
     0 | D:1      | Reached XP level 1. HP: 13/13 MP: 3/3
    69 | D:1      | Reached skill level 1 in Unarmed Combat
    76 | D:1      | Reached XP level 2. HP: 18/19 MP: 5/5
   475 | D:1      | Reached skill level 2 in Unarmed Combat
   573 | D:1      | Reached XP level 3. HP: 11/24 MP: 6/6
   997 | D:2      | Noticed Jessica
  1025 | D:2      | Killed Jessica
  1025 | D:2      | Reached skill level 3 in Unarmed Combat
  1025 | D:2      | Reached XP level 4. HP: 27/30 MP: 7/7
  1077 | D:2      | Learned a level 2 spell: Swiftness
  1401 | D:2      | Reached skill level 4 in Unarmed Combat
  1846 | D:2      | Noticed Robin
  2066 | D:2      | Killed Robin
  2320 | D:2      | Slain by a hound

Skill      XL: |  1  2  3  4 |
---------------+-------------+-----
Dodging        | 3 |  3.1
Unarmed Combat | 1 2 3 4 |  4.6
Stealth        | |  2.1
Spellcasting   | |  2.0
Conjurations   | |  0.7
Air Magic      | |  2.4

Action                   |  1- 3 |  4- 6 || total
-------------------------+-------+-------++-------
Melee: Unarmed           |   126 |   200 ||   326
       Punch             |     2 |     2 ||     4
 Cast: Shock             |     2 |       ||     2
  Use: Potion            |       |     1 ||     1
 Stab: Sleeping          |     1 |     1 ||     2
  Eat: Chunk             |     1 |     4 ||     5
Armor: Robe              |    13 |       ||    13
       Leather armour    |    18 |    40 ||    58
Dodge: Dodged            |   103 |   134 ||   237
